 Dungeon Crawl Stone Soup version 0.31-a0-963-ga325b2283a (webtiles) character file.

Game seed: 9521955563552561956

10009 MrSquiggles the Destroyer (level 11, -2/71 HPs)
             Began as a Deep Elf Conjurer on Oct 24, 2023.
             Was a Priest of Vehumet.
             Slain by a swamp dragon simulacrum (23 damage)
             ... on level 1 of the Abyss.
             The game lasted 00:39:29 (13395 turns).

MrSquiggles the Destroyer (Deep Elf Conjurer)      Turns: 13395, Time: 00:39:29

Health: -2/71      AC:  9    Str:  4    XL:     11   Next: 30%
Magic:  22/27      EV: 16    Int: 28    God:    Vehumet [***...]
Gold:   235        SH:  0    Dex: 13    Spells: 7/30 levels left

rFire   . . .        k - staff of conjuration
rCold   . . .        (no shield)
rNeg    + . .        o - +2 robe {rN+}
rPois   .            p - +1 helmet
rElec   .            (no cloak)
rCorr   .            x - +1 pair of gloves
SInv    +            y - +0 pair of boots
Will    +....        m - amulet of faith
Stlth   ++           e - ring of see invisible
HPRegen 0.00/turn    (no ring)
MPRegen 0.20/turn

%: faith
@: sick, studying Fighting
A: no striking features
a: Renounce Religion


You were on level 1 of the Abyss.
You worshipped Vehumet.
Vehumet was most pleased with you.
You visited 2 branches of the dungeon, and saw 11 of its levels.
You visited the Abyss 1 time.

You collected 443 gold pieces.
You spent 208 gold pieces at shops.

Inventory:

Hand Weapons
 l - a +0 vampiric dagger
Missiles
 n - a curare-tipped dart
 D - 18 poisoned darts
Armour
 a - a +0 robe
 o - a +2 robe of positive energy (worn)
 p - a +1 helmet (worn)
 x - a +1 pair of gloves (worn)
 y - a +0 pair of boots (worn)
 J - the +1 robe "Sirycakk" {rC+}
   (You found it on level 7 of the Dungeon)

   rC+:       It protects you from cold.
Magical Staves
 k - a staff of conjuration (weapon)
Jewellery
 e - a ring of see invisible (left hand)
 j - a ring of fire
 m - an amulet of faith (around neck)
Wands
 i - a wand of acid (3)
 E - a wand of digging (8)
 H - a wand of flame (25)
 K - a wand of paralysis (11)
 M - a wand of mindburst (16)
Scrolls
 c - a scroll of revelation
 f - 2 scrolls of brand weapon
 g - 3 scrolls of fog
 t - 5 scrolls of immolation
 u - 2 scrolls of teleportation
 v - a scroll of noise
 F - a scroll of enchant weapon
 I - a scroll of fear
 L - a scroll of poison
Potions
 b - a potion of magic
 d - 2 potions of enlightenment
 h - 3 potions of brilliance
 q - 2 potions of berserk rage
 r - 2 potions of attraction
 s - a potion of lignification
 w - a potion of haste
 z - a potion of degeneration {unknown}
 A - a potion of ambrosia {unknown}
 B - a potion of curing
 C - a potion of resistance {unknown}
 G - a potion of heal wounds
 N - a potion of cancellation {unknown}


   Skills:
 - Level 9.0 Fighting
 - Level 9.0 Dodging
 - Level 2.4 Stealth
 - Level 10.0 Spellcasting
 + Level 10.4 Conjurations
 + Level 6.2 Hexes
 + Level 5.9 Translocations
 - Level 6.0 Evocations


You had 7 spell levels left.
You knew the following spells:

 Your Spells              Type           Power      Damage    Failure   Level
a - Magic Dart            Conj           100%       1d8       1%          1
b - Searing Ray           Conj           100%       2d8       1%          2
c - Fulminant Prism       Conj/Hex       37%        3d17      1%          4
d - Iskenderun's Mystic   Conj/Tloc      74%        2d15      1%          4
e - Blink                 Tloc           94%        N/A       1%          2
f - Irradiate             Conj/Tmut      30%        3d21      3%          5
g - Dazzling Flash        Conj/Hex       100%       N/A       1%          3
h - Call Imp              Summ           28%        N/A       6%          2

Your spell library contained the following spells:

 Spells                   Type           Power      Damage    Failure   Level
 Airstrike                Air            7%         2d(1-17)  11%         4
 Hailstorm                Conj/Ice       60%        3d13      1%          3
 Mephitic Cloud           Conj/Pois/Air  50%        N/A       1%          3
 Volatile Blastmotes      Fire/Tloc      60%        2d15      1%          3
 Frozen Ramparts          Ice            28%        1d5       3%          3
 Sublimation of Blood     Necr           14%        N/A       6%          2
 Metabolic Englaciation   Hex/Ice        15%        N/A       30%         5
 Petrify                  Tmut/Erth      14%        N/A       36%         4
 Summon Ice Beast         Ice/Summ       14%        N/A       36%         4
 Simulacrum               Ice/Necr       7%         N/A       99%         6


Dungeon Overview and Level Annotations

Branches:
Dungeon (10/15)            Temple (1/1) D:5            Lair (0/5) D:8
    Orc (0/2) D:9

Altars:
Ashenzari
Cheibriados
Dithmenos
Elyvilon
Gozag
Hepliaklqana
Nemelex Xobeh
Okawaru
Qazlal
Ru
Sif Muna
Trog
Vehumet
Wu Jian
Xom
Yredelemnul
Zin

Shops:
D:6 :

Annotations:
D:3 1 runed translucent door, Crazy Yiuf, Pargi, Terence
D:4 Menkaure
D:10 Sonja, Urug


Message History

You can't see any susceptible monsters within range! (Use Z to cast anyway.)
Casting: Searing Ray (safe; 1% risk of failure)
Confirm with . or Enter, or press ? or * to list all spells.
A tiny devil pulls itself out of the air.
Unknown command.
Casting: Call Imp (safe; 6% risk of failure)
Confirm with . or Enter, or press ? or * to list all spells.
A tiny devil pulls itself out of the air.
Your cerulean imp disappears in a puff of smoke!
Unknown command.
The swamp dragon simulacrum bites your cerulean imp!
The swamp dragon simulacrum freezes your cerulean imp!!
Your cerulean imp dies!
Your cerulean imp disappears in a puff of smoke!
Unknown command.
Casting: Call Imp (safe; 6% risk of failure)
Confirm with . or Enter, or press ? or * to list all spells.
A tiny devil pulls itself out of the air.
Something bites your cerulean imp! Something freezes your cerulean imp!!
Your cerulean imp dies!
Your cerulean imp disappears in a puff of smoke!
Unknown command.
Casting: Call Imp (safe; 6% risk of failure)
Confirm with . or Enter, or press ? or * to list all spells.
Okay, then.
Casting: Call Imp (safe; 6% risk of failure)
Confirm with . or Enter, or press ? or * to list all spells.
You blink.
You feel ready to blink again.
Casting: Blink (safe; 1% risk of failure)
Confirm with . or Enter, or press ? or * to list all spells.
A tiny devil pulls itself out of the air.
A ynoxinul comes into view.
A tentacled starspawn comes into view.
You swap places.
The swamp dragon simulacrum bites you!
The swamp dragon simulacrum freezes you!
The swamp dragon simulacrum claws you.
* * * LOW HITPOINT WARNING * * *
The swamp dragon simulacrum freezes you!!
You die...
X

. # ### ## .##.# #.# .
.... # Z###.##.. #
#..###.#.###.#.#
#.#####.#.#..#.......#
##..##. ###Z.5..3.# .
#§.#
#...#..@##.##.....
.### .§#.#....#### #..
.#. .....#...# .
...#..##..#..# #. .
.#.#..#.#.....# .
#.##..#. ......##. ..
##. .#.#.... #. .
###.##..#..... .# . .
...#


You could see a ynoxinul, a swamp dragon simulacrum (ally target) and a friendly
cerulean imp (summoned).

Vanquished Creatures
  2 thrashing horrors (Abyss:1)
  Pikel (D:5)
  2 manticores (D:7)
  A cyclops (D:7)
  An ancient zyme (Abyss:1)
  A troll (D:8)
  A raiju (Abyss:1)
  A merfolk (D:10)
  4 water elementals
  Sigmund (D:6)
  A vampire (D:9)
  A wyvern (D:9)
  8 yaks
  2 steam dragons
  2 acid dragons
  A small abomination (Abyss:1)
  A water moccasin (D:9)
  3 black bears
  6 orc warriors
  4 ice beasts
  3 sky beasts (D:7)
  An ogre (D:7)
  3 centaurs
  2 lemures (D:5)
  A kobold brigand (D:7)
  4 bullfrogs
  A gnoll sergeant (D:7)
  8 wights (D:7)
  5 killer bees
  2 jellies
  A gnoll bouda (D:5)
  An orc priest (D:7)
  3 hounds
  2 sleepcaps
  9 orc wizards
  4 iguanas
  8 adders
  8 gnolls
  2 white imps
  6 ufetubi
  2 worms (D:2)
  3 dart slugs
  33 orcs
  8 ball pythons
  2 endoplasms
  3 giant cockroaches
  6 goblins
  4 hobgoblins
  14 kobolds
  3 quokkas
  3 bats
  A frilled lizard (D:2)
  5 rats
205 creatures vanquished.

Vanquished Creatures (others)
  121 fulminant prisms
121 creatures vanquished.

Grand Total: 326 creatures vanquished

Notes
Turn   | Place    | Note
-------+----------+-------------------------------------------
     0 | D:1      | MrSquiggles the Deep Elf Conjurer began the quest for the
                  | Orb.
     0 | D:1      | Reached XP level 1. HP: 10/10 MP: 6/6
   469 | D:1      | Reached XP level 2. HP: 15/15 MP: 6/8
   472 | D:1      | Learned a level 2 spell: Searing Ray
  1049 | D:2      | Reached skill level 5 in Conjurations
  1115 | D:2      | Reached XP level 3. HP: 19/19 MP: 6/10
  1383 | D:2      | Found a bloodstained altar of Trog.
  2048 | D:2      | Reached XP level 4. HP: 24/24 MP: 10/12
  2080 | D:2      | Learned a level 4 spell: Fulminant Prism
  2085 | D:2      | Learned a level 4 spell: Iskenderun's Mystic Blast
  2258 | D:3      | Noticed Pargi
  2620 | D:3      | Found a basalt altar of Yredelemnul.
  2667 | D:3      | Reached skill level 1 in Hexes
  3011 | D:3      | Found a runed translucent door.
  3012 | D:3      | Noticed Crazy Yiuf
  3057 | D:3      | Noticed Terence
  3489 | D:4      | Identified a scroll of acquirement
  3493 | D:4      | Acquired a staff of conjuration
  3560 | D:4      | Reached XP level 5. HP: 28/28 MP: 6/13
  3792 | D:4      | Found an iron altar of Okawaru.
  3895 | D:4      | Noticed Menkaure
  4366 | D:5      | Entered Level 5 of the Dungeon
  4520 | D:5      | Reached skill level 5 in Spellcasting
  4569 | D:5      | Reached XP level 6. HP: 32/32 MP: 10/15
  4685 | D:5      | Noticed Pikel
  4702 | D:5      | Killed Pikel
  4703 | D:5      | Reached skill level 5 in Hexes
  4703 | D:5      | Reached XP level 7. HP: 16/36 MP: 0/19
  4869 | D:5      | Found a staircase to the Ecumenical Temple.
  4884 | Temple   | Entered the Ecumenical Temple
  4907 | Temple   | Became a worshipper of Vehumet
  5398 | D:5      | Noticed a yak
  5398 | D:5      | Noticed a yak
  5399 | D:5      | Noticed a yak
  5408 | D:5      | Noticed a yak
  5422 | D:5      | Killed a yak
  5528 | D:5      | Noticed a yak
  5557 | D:5      | Killed a yak
  5557 | D:5      | Killed a yak
  5557 | D:5      | Killed a yak
  5558 | D:5      | Reached XP level 8. HP: 41/41 MP: 17/23
  6129 | D:6      | Reached skill level 1 in Translocations
  6299 | D:6      | Noticed Sigmund
  6305 | D:6      | Killed Sigmund
  6393 | D:6      | Reached skill level 10 in Spellcasting
  6491 | D:6      | Reached * piety under Vehumet
  6491 | D:6      | Offered knowledge of Sandblast by Vehumet.
  6504 | D:6      | Reached XP level 9. HP: 45/45 MP: 11/25
  6731 | D:6      | Found an opulent altar of Gozag.
  6775 | D:6      | Reached skill level 5 in Translocations
  7335 | D:6      | Found Qois's Book Shoppe.
  7340 | D:6      | Bought the Parchment of Displacement for 208 gold pieces
  7343 | D:6      | Learned a level 2 spell: Blink
  7728 | D:7      | Reached skill level 10 in Conjurations
  7734 | D:7      | Reached skill level 1 in Fighting
  7734 | D:7      | Reached skill level 1 in Evocations
  7818 | D:7      | Identified the +1 robe "Sirycakk" {rC+}
  8520 | D:7      | Noticed a manticore
  8532 | D:7      | Killed a manticore
  8650 | D:7      | Reached skill level 5 in Dodging
  8976 | D:7      | Noticed a manticore
  8985 | D:7      | Killed a manticore
  8986 | D:7      | Reached XP level 10. HP: 16/58 MP: 14/26
  9007 | D:7      | Reached skill level 5 in Fighting
  9193 | D:7      | Offered knowledge of Static Discharge by Vehumet.
  9282 | D:7      | Reached ** piety under Vehumet
  9446 | D:7      | Reached skill level 5 in Evocations
 10090 | D:7      | Noticed a cyclops
 10102 | D:7      | Killed a cyclops
 10299 | D:8      | Offered knowledge of Momentum Strike by Vehumet.
 10571 | D:8      | Found a staircase to the Lair.
 11117 | D:8      | Reached *** piety under Vehumet
 12375 | D:9      | Learned a level 5 spell: Irradiate
 12465 | D:9      | Offered knowledge of Airstrike by Vehumet.
 12576 | D:9      | Found a staircase to the Orcish Mines.
 12847 | D:10     | Entered Level 10 of the Dungeon
 12852 | D:10     | Noticed Urug
 12890 | D:10     | Reached XP level 11. HP: 69/69 MP: 25/27
 12897 | D:10     | Noticed Sonja
 12998 | Abyss:1  | Cast into level 1 of the Abyss (Sonja)
 13004 | Abyss:1  | Noticed a wretched star
 13018 | Abyss:1  | Learned a level 3 spell: Dazzling Flash
 13023 | Abyss:1  | Learned a level 2 spell: Call Imp
 13050 | Abyss:1  | Noticed a thrashing horror
 13058 | Abyss:1  | Noticed a great orb of eyes
 13065 | Abyss:1  | Killed a thrashing horror
 13100 | Abyss:1  | Noticed a thrashing horror
 13119 | Abyss:1  | Noticed a starcursed mass
 13129 | Abyss:1  | Killed a thrashing horror
 13198 | Abyss:1  | Found a corrupted altar of Lugonu.
 13213 | Abyss:1  | Noticed a thrashing horror
 13318 | Abyss:1  | Noticed a demonic crawler
 13392 | Abyss:1  | Noticed a tentacled starspawn
 13395 | Abyss:1  | Slain by a swamp dragon simulacrum

Illustrated notes

Levels and vault maps discovered:
D:1:      dpeg_arrival_round_a, layout_basic, minmay_crystal_room
D:2:      layout_rooms, basic_altar
D:3:      layout_loops_ring, lemuel_round_altar, uniq_terence, uniq_pargi,
          uniq_crazy_yiuf_cottage
D:4:      minmay_inner_zag, layout_layer_cave, kennysheep_mini_moat,
          chequers_temple_overflow_minitemple, okawaru_metal_pillars_1_2,
          uniq_menkaure, uniq_natasha
D:5:      layout_gridville, minmay_temple_entry_fiery, uniq_pikel
D:6:      layout_basic, mainiacjoe_overflow_cross_hatched, serial_shops,
          nicolae_shop_just_a_little_nook, uniq_sigmund
D:7:      nzn_winding_woodlands_medium [nzn_winding_woodlands_5x5_checkerboard,
          nzn_winding_woodlands_5x15_zeroes, nzn_winding_woodlands_5x5_three,
          nzn_winding_woodlands_5x5_default,
          nzn_winding_woodlands_center_garden,
          nzn_winding_woodlands_5x5_open_star,
          nzn_winding_woodlands_5x5_perimeter,
          nzn_winding_woodlands_5x15_default, nzn_winding_woodlands_5x5_cross],
          layout_basic
D:8:      layout_basic, lair_entry_dummy
D:9:      layout_cave_pools, orc_0_dummy
D:10:     layout_basic, lemuel_crystal_altar, nicolae_rank_and_phial, uniq_urug,
          uniq_sonja
Temple:   minmay_temple_curvy_branch
Abyss:1:  base: Temple, minivault_24

Skill      XL: |  1  2  3  4  5  6  7  8  9 10 11 |
---------------+----------------------------------+-----
Conjurations   | 5 6 7 8 9 10 | 10.4
Spellcasting   | 4 5 7 9 10 | 10.0
Hexes          | 2 4 5 6 |  6.2
Translocations | 3 5 |  5.9
Fighting       | 4 8 9 |  9.0
Evocations     | 4 6 |  6.0
Dodging        | 5 8 9 |  9.0
Stealth        | |  2.4

Action                     |  1- 3 |  4- 6 |  7- 9 | 10-12 || total
---------------------------+-------+-------+-------+-------++-------
  Melee: Dagger            |       |     2 |       |       ||     2
         Staff             |       |       |     1 |       ||     1
   Cast: Magic Dart        |    66 |    79 |    20 |    15 ||   180
         Searing Ray       |     5 |    14 |    10 |     8 ||    37
         Fulminant Prism   |       |     2 |    52 |    67 ||   121
         Iskenderun's Myst |       |       |       |     6 ||     6
         Call Imp          |       |       |       |     5 ||     5
         Irradiate         |       |       |       |     5 ||     5
         Blink             |       |       |       |     2 ||     2
  Evoke: Wand              |       |       |     4 |     2 ||     6
    Use: Scroll            |       |    14 |     2 |     7 ||    23
         Potion            |       |       |     2 |     3 ||     5
 Armour: Robe              |     5 |    10 |    22 |    34 ||    71
  Dodge: Dodged            |     4 |    16 |    14 |    36 ||    70

Table legend: (Time is in decaauts)
 A = Elapsed time spent in this place.
 B = Non-inter-level travel time spent in this place.
 C = Inter-level travel time spent in this place.
 D = Time resting spent in this place.
 E = Time spent auto-exploring this place.
 F = Levels seen in this place.
 G = Mean time per level.
                   A        B        C        D        E       F      G
               +--------+--------+--------+--------+--------+-----+--------+
         Total |  13406 |  12915 |    491 |   4336 |   6453 |  12 | 1117.2 |
       Dungeon |  12977 |  12529 |    448 |   4230 |   6453 |  10 | 1297.7 |
        Temple |     45 |      2 |     43 |      0 |      0 |   1 |   45.0 |
         Abyss |    383 |    383 |      0 |    106 |      0 |   1 |  383.0 |
               +--------+--------+--------+--------+--------+-----+--------+

Top non-repeatable levels by time:
     D:7: 2520 daAuts
     D:8: 2046 daAuts
     D:5: 1706 daAuts
     D:6: 1606 daAuts
     D:2: 1250 daAuts
     D:1: 1089 daAuts
     D:3: 1030 daAuts
     D:4: 996 daAuts
     D:9: 685 daAuts
 Abyss:1: 383 daAuts
  Temple: 45 daAuts
    D:10: 45 daAuts
